 Dungeon Crawl Stone Soup version 0.28-a0-881-gae16bb6c82 (webtiles) character file.

Game seed: 3862149765285242070

1226 Majang the Covert (level 8, -6/49 HPs)
             Began as a Kobold Brigand on Nov 21, 2021.
             Was an Initiate of Ashenzari.
             Mangled by a gnoll sergeant (9 damage)
             ... in the Ecumenical Temple.
             The game lasted 00:17:56 (5498 turns).

Majang the Covert (Kobold Brigand)                  Turns: 5498, Time: 00:17:56

Health: -6/49      AC:  3    Str: 15    XL:     8   Next: 76%
Magic:  8/8        EV: 17    Int: 12    God:    Ashenzari [......]
Gold:   113        SH:  0    Dex: 18    Spells: 7/7 levels left

rFire   . . .      SeeInvis .   a - +3 dagger (elec)
rCold   . . .      Faith    .   (shield restricted)
rNeg    + . .      Spirit   .   b - +0 robe
rPois   .          Reflect  .   (no helmet)
rElec   .          Harm     .   c - +0 cloak
rCorr   .          Rampage  .   (no gloves)
Will    .....                   (no boots)
Stlth   +++++.....              (no amulet)
HPRegen 0.16/turn               o - ring of positive energy
MPRegen 0.11/turn               r - +6 ring of strength

@: no status effects
A: small, no large weapons, nightstalker 3
a: Renounce Religion


You were in the Ecumenical Temple.
You worshipped Ashenzari.
Ashenzari was noncommittal.
You visited 2 branches of the dungeon, and saw 6 of its levels.

You collected 113 gold pieces.

Inventory:

Hand Weapons
 a - a +3 dagger of electrocution (weapon)
 u - a +2 dagger
Missiles
 d - 6 poisoned darts (quivered)
Armour
 b - a +0 robe (worn)
 c - a +0 cloak (worn)
Jewellery
 o - a ring of positive energy (left hand)
 r - a +6 ring of strength (right hand)
 v - a ring of wizardry
Wands
 e - a wand of polymorph (9)
Scrolls
 g - a scroll of teleportation
Potions
 f - a potion of mutation
 h - a potion of magic
 i - a potion of invisibility {unknown}
 j - a potion of heal wounds
 q - a potion of lignification
 s - a potion of curing
 t - a potion of brilliance {unknown}


   Skills:
 + Level 5.0 Fighting
 + Level 6.1 Short Blades
 + Level 5.1 Throwing
 + Level 5.1 Dodging
 + Level 8.1 Stealth
 + Level 2.9 Evocations


You had 7 spell levels left.
You didn't know any spells.
Your spell library contained the following spells:

 Spells                   Type           Power      Damage    Failure   Level
 Slow                     Hex            0%         N/A       32%         1
 Confusing Touch          Hex            0%         N/A       69%         3
 Ignite Poison            Fire/Tmut/Pois 0%         N/A       69%         3
 Mephitic Cloud           Conj/Pois/Air  0%         N/A       69%         3
 Airstrike                Air            0%         N/A       97%         4
 Summon Lightning Spire   Summ/Air       0%         N/A       97%         4
 Freezing Cloud           Conj/Ice/Air   0%         6-21      100%        5
 Lightning Bolt           Conj/Air       0%         1d11      100%        5
 Yara's Violent Unravell  Hex/Tmut       0%         3d3       100%        5


Dungeon Overview and Level Annotations

Branches:
Dungeon (5/15)             Temple (1/1) D:5

Altars:
Ashenzari
Cheibriados
Dithmenos
Elyvilon
Fedhas
Gozag
Hepliaklqana
Kikubaaqudgha
Makhleb
Nemelex Xobeh
Okawaru
Qazlal
Ru
Sif Muna
Trog
Uskayaw
Vehumet
Wu Jian
Yredelemnul
Zin
The Shining One


Innate Abilities, Weirdness & Mutations

You are small and have problems with some larger weapons.
You are completely attuned to the shadows.


Message History

You barely miss the gnoll sergeant.
The gnoll sergeant is almost dead.
The gnoll barely misses you.
You hit the gnoll sergeant but do no damage.
The gnoll sergeant is almost dead.
The gnoll sergeant hits you with a +0 trident.
The gnoll completely misses you.
You hit the gnoll sergeant but do no damage.
The gnoll sergeant is almost dead.
The gnoll sergeant hits you with a +0 trident!
* * * LOW HITPOINT WARNING * * *
The gnoll closely misses you.
The gnoll sergeant hits you with a +0 trident.
* * * LOW HITPOINT WARNING * * *
There is a staircase to the Ecumenical Temple here.
The gnoll sergeant misses you. The gnoll misses you.
You climb downwards.
Welcome back to the Ecumenical Temple!
There is a staircase back to the Dungeon, spattered with blood here.
The gnoll sergeant barely misses you.
The gnoll sergeant hits you from afar with a +0 trident.
* * * LOW HITPOINT WARNING * * *
There is a glowing golden altar of the Shining One here.
There is a burning altar of Makhleb here.
Throw: 7 darts (poison)
Press: ? - help, Q - select action, (/) - cycle Shift-Dir - straight line, f - gnoll sergeant
Aim: a gnoll sergeant, wielding a +0 trident and wearing a +0 ring mail (severely wounded, 72% to hit)
You throw a poisoned dart.
The poisoned dart hits the gnoll sergeant.
The gnoll sergeant is poisoned.
The gnoll sergeant is severely wounded.
The gnoll sergeant looks more healthy.
There is a snail-covered altar of Cheibriados here.
The gnoll sergeant hits you with a +0 trident!
* * * LOW HITPOINT WARNING * * *
You hit the gnoll sergeant.
The gnoll sergeant is severely wounded.
You closely miss the gnoll sergeant.
The gnoll sergeant is severely wounded.
The gnoll sergeant hits you with a +0 trident!
You die...

§§.≈≈≈≈.≈≈≈≈§ ≈≈≈≈§.#
§≈≈.≈≈≈.≈≈≈≈§≈≈≈§≈≈.#
≈≈§§g≈≈.≈≈≈§§§≈≈≈≈.##
≈§§≈§...≈≈≈§§≈≈≈§§§#
§§≈§≈.<.≈≈≈≈≈≈≈§§§.#
≈≈≈§≈÷......≈§≈≈≈§.#
§≈≈≈.≈≈.≈≈≈≈.......#
§≈≈.≈≈≈.≈≈≈≈≈≈≈≈._.#
≈≈.≈≈≈≈.≈≈≈≈≈≈≈≈@..#
§.≈≈≈≈≈.≈≈≈≈≈≈≈g####
.≈≈≈≈≈≈≈.≈≈≈≈≈.##
≈≈≈≈≈≈≈≈.≈≈≈≈.##
≈≈≈≈≈≈≈≈.≈≈≈.##
....≈≈≈≈.≈≈.##
####......(##
#####._.# #...#


You could see a gnoll sergeant.

Vanquished Creatures
  Grinder (D:3)
  A wyvern (Temple)
  3 ogres
  A bullfrog (D:3)
  A scorpion (Temple)
  A gnoll sergeant (D:3)
  A bullfrog zombie (D:5)
  A hound (Temple)
  A jelly (Temple)
  Jessica (D:3)
  An iguana (Temple)
  Terence (D:3)
  Natasha (thrice) (D:3)
  A hound skeleton (D:3)
  9 gnolls
  7 adders
  2 worms
  A dart slug (D:5)
  An orc (D:4)
  4 bats
  8 endoplasms
  3 giant cockroaches
  6 hobgoblins
  2 jackals (D:1)
  3 quokkas
  6 ball pythons
  2 frilled lizards (D:2)
  3 goblins
  4 kobolds
  6 rats
85 creatures vanquished.

Notes
Turn   | Place    | Note
-------+----------+-------------------------------------------
     0 | D:1      | Majang the Kobold Brigand began the quest for the Orb.
     0 | D:1      | Reached XP level 1. HP: 12/12 MP: 1/1
   113 | D:1      | Reached XP level 2. HP: 18/18 MP: 2/2
   487 | D:1      | Reached XP level 3. HP: 22/22 MP: 3/3
  1429 | D:2      | Reached XP level 4. HP: 24/27 MP: 4/4
  1974 | D:2      | Reached skill level 6 in Stealth
  2145 | D:3      | Noticed Terence
  2159 | D:3      | Killed Terence
  2160 | D:3      | Reached XP level 5. HP: 32/32 MP: 5/5
  2236 | D:3      | Noticed a bullfrog
  2240 | D:3      | Killed a bullfrog
  2241 | D:3      | Reached XP level 6. HP: 37/37 MP: 6/6
  2278 | D:3      | Noticed Jessica
  2282 | D:3      | Killed Jessica
  2522 | D:3      | Noticed Natasha
  2524 | D:3      | Killed Natasha
  2646 | D:3      | Noticed Grinder
  2650 | D:3      | Killed Grinder
  2651 | D:3      | Reached XP level 7. HP: 43/43 MP: 7/7
  2762 | D:3      | Reached skill level 7 in Stealth
  2793 | D:3      | Noticed Natasha
  2798 | D:3      | Killed Natasha
  3082 | D:3      | Noticed Natasha
  3083 | D:3      | Killed Natasha
  3084 | D:3      | Reached skill level 5 in Short Blades
  3579 | D:4      | Reached skill level 1 in Evocations
  4090 | D:3      | Reached XP level 8. HP: 43/48 MP: 8/8
  4542 | D:5      | Entered Level 5 of the Dungeon
  4542 | D:5      | Noticed a wyvern
  4569 | D:5      | Found a staircase to the Ecumenical Temple.
  4577 | Temple   | Entered the Ecumenical Temple
  4581 | Temple   | Killed a wyvern
  4801 | Temple   | Became a worshipper of Ashenzari the Shackled
  5107 | Temple   | Reached skill level 5 in Throwing
  5107 | Temple   | Reached skill level 5 in Dodging
  5107 | Temple   | Reached skill level 8 in Stealth
  5113 | Temple   | Reached skill level 5 in Fighting
  5498 | Temple   | Mangled by a gnoll sergeant

Illustrated notes

Levels and vault maps discovered:
D:1:      minmay_arrival_solitary_statue, layout_basic, minivault_14,
          minmay_tromino_mix6
D:2:      layout_basic
D:3:      layout_loops_ring, uniq_grinder, uniq_terence, uniq_natasha,
          uniq_jessica
D:4:      layout_cave_pools, chequers_serial_rivers_marsh
D:5:      layout_cave_pools, temple_pool_b, portal_sewer_entry_d
Temple:   mainiacjoe_temple_archimedes_tessellation

Skill      XL: |  1  2  3  4  5  6  7  8 |
---------------+-------------------------+-----
Short Blades   | 3 4 5 6 |  6.1
Dodging        | 2 3 4 5 |  5.1
Throwing       | 3 4 5 |  5.1
Stealth        | 6 7 8 |  8.1
Fighting       | 3 4 5 |  5.0
Evocations     | 1 2 |  2.9

Action                   |  1- 3 |  4- 6 |  7- 9 || total
-------------------------+-------+-------+-------++-------
Melee: Dagger            |   117 |    35 |   112 ||   264
Throw: Dart              |     1 |    13 |    14 ||    28
  Use: Scroll            |       |       |    12 ||    12
 Stab: Sleeping          |    16 |    13 |     1 ||    30
       Distracted        |       |     1 |     2 ||     3
Armor: Robe              |    17 |     4 |    10 ||    31
Dodge: Dodged            |    75 |    13 |   102 ||   190

Table legend: (Time is in decaauts)
 A = Elapsed time spent in this place.
 B = Non-inter-level travel time spent in this place.
 C = Inter-level travel time spent in this place.
 D = Time resting spent in this place.
 E = Time spent auto-exploring this place.
 F = Levels seen in this place.
 G = Mean time per level.
                   A        B        C        D        E       F      G
               +--------+--------+--------+--------+--------+-----+--------+
         Total |   5450 |   5063 |    387 |   1732 |   2172 |   6 |  908.3 |
       Dungeon |   4578 |   4191 |    387 |   1200 |   2172 |   5 |  915.6 |
        Temple |    872 |    872 |      0 |    532 |      0 |   1 |  872.0 |
               +--------+--------+--------+--------+--------+-----+--------+

Top non-repeatable levels by time:
     D:3: 1675 daAuts
     D:2: 1172 daAuts
     D:1: 918 daAuts
  Temple: 872 daAuts
     D:4: 756 daAuts
     D:5: 55 daAuts
